 Dungeon Crawl Stone Soup version 0.30-a0-313-gae38170b09 (webtiles) character file.

Game seed: 14393288021706629076

30196 Bnni the Covert (level 13, -7/70 HPs)
             Began as a Vine Stalker Fighter on Oct 26, 2022.
             Was a Follower of Uskayaw.
             Mangled by Rupert
             ... wielding a +6 vorpal great mace
              (19 damage)
             ... on level 13 of the Dungeon.
             The game lasted 00:45:33 (12498 turns).

Bnni the Covert (Vine Stalker Fighter)             Turns: 12498, Time: 00:45:34

Health: -7/70      AC: 11    Str: 22    XL:     13   Next: 50%
Magic:  0/20       EV: 17    Int:  8    God:    Uskayaw [*.....]
Gold:   1141       SH: 12    Dex: 19    Spells: 12/12 levels left

rFire   + . .      SeeInvis .    U - +1 rapier (venom)
rCold   + + .      Faith    .    T - +1 buckler {rC+}
rNeg    . . .      Spirit   +    i - +3 ring mail of Hekaw {rElec rF+}
rPois   .          Reflect  +    (no helmet)
rElec   +          Harm     .    H - +0 cloak
rCorr   .          Rampage  .    l - +0 pair of gloves
Will    ++...                    (no boots)
Stlth   +++++.....               L - amulet of reflection
HPRegen 1.11/turn                d - +4 ring of evasion
MPRegen 0.17/turn                W - ring "Ossewen" {rC+ Will+ Str+3}

@: slowed, studying Invocations, very slow
A: fangs 3, regeneration 1, magic shield, antimagic bite, no potion heal 2
a: Renounce Religion, Stomp


You were on level 13 of the Dungeon.
You worshipped Uskayaw.
Uskayaw was aware of your devotion.
You visited 2 branches of the dungeon, and saw 14 of its levels.
You also visited: Sewer and Ice Cave.

You collected 1141 gold pieces.

Inventory:

Hand Weapons
 o - a +0 sling
 t - a +2 dagger of distortion
 G - a +2 dagger of speed
 N - a +2 dagger of venom
 U - a +1 rapier of venom (weapon)
Missiles
 m - 4 curare-tipped darts
 y - 10 poisoned darts (quivered)
Armour
 i - the +3 ring mail of Hekaw (worn) {rElec rF+}
   (You found it on level 8 of the Dungeon)

   rF:        It protects you from fire.
   rElec:     It insulates you from electricity.
 l - a +0 pair of gloves (worn)
 s - a +0 robe of resistance
 H - a +0 cloak (worn)
 P - +0 ice dragon scales
 T - a +1 buckler of cold resistance (worn)
Jewellery
 d - a +4 ring of evasion (left hand)
 w - a ring of ice
 E - a ring of flight
 L - an amulet of reflection (around neck)
 O - a ring of protection from fire
 W - the ring "Ossewen" (right hand) {rC+ Will+ Str+3}
   (You found it in an ice cave)

   [ring of protection from cold]

   Str:       It affects your strength (+3).
   rC:        It protects you from cold.
   Will:      It increases your willpower.
Wands
 c - a wand of digging (5)
 j - a wand of quicksilver (8)
 C - a wand of charming (3)
 R - a wand of flame (11)
Scrolls
 b - 4 scrolls of vulnerability {unknown}
 e - 3 scrolls of poison
 g - 3 scrolls of noise {unknown}
 h - 3 scrolls of enchant weapon
 n - 9 scrolls of teleportation
 q - 3 scrolls of enchant armour {unknown}
 u - 2 scrolls of fear
 B - 2 scrolls of brand weapon
 F - a scroll of magic mapping
 M - a scroll of amnesia
Potions
 f - a potion of lignification {unknown}
 k - 3 potions of ambrosia
 p - a potion of degeneration {unknown}
 r - 4 potions of mutation
 x - 8 potions of curing
 z - 2 potions of resistance
 A - 2 potions of brilliance
 I - 2 potions of magic
 J - 2 potions of attraction {unknown}
 K - 2 potions of might
 S - a potion of heal wounds
Miscellaneous
 Q - a tin of tremorstones (2/2)
 X - a condenser vane


   Skills:
 + Level 9.3 Fighting
 * Level 10.7 Short Blades
 - Level 6.0 Throwing
 + Level 4.9 Armour
 + Level 4.0 Dodging
 * Level 13.3 Stealth
 - Level 5.0 Shields
 + Level 8.9 Invocations


You had 12 spell levels left.
You didn't know any spells.
Your spell library contained the following spells:

 Spells                   Type           Power      Damage    Failure   Level
 Magic Dart               Conj           0%         1d3       65%         1
 Summon Small Mammal      Summ           0%         N/A       65%         1
 Ensorcelled Hibernation  Hex/Ice        0%         N/A       78%         2
 Passwall                 Tmut/Erth      0%         N/A       78%         2
 Searing Ray              Conj           0%         2d4       78%         2
 Call Canine Familiar     Summ           0%         N/A       95%         3
 Ignite Poison            Fire/Tmut/Pois 0%         N/A       95%         3
 Spider Form              Tmut/Pois      0%         N/A       95%         3
 Stone Arrow              Conj/Erth      0%         3d7       95%         3
 Summon Guardian Golem    Hex/Summ       0%         N/A       95%         3
 Swiftness                Air            0%         N/A       95%         3
 Anguish                  Hex/Necr       0%         N/A       100%        4
 Animate Armour           Summ/Erth      0%         N/A       100%        4
 Fulminant Prism          Conj/Hex       0%         3d6       100%        4
 Sticky Flame             Conj/Fire      0%         2d3       100%        4
 Ignition                 Fire           0%         3d3       100%        8
 Lehudib's Crystal Spear  Conj/Erth      0%         10d2      100%        8


Dungeon Overview and Level Annotations

Branches:
Dungeon (13/15)            Temple (1/1) D:4            Lair (0/5) D:8
    Orc (0/2) D:12          Sewer (visited)           IceCv (visited)
 Vaults: D:13-14

Altars:
Ashenzari
Dithmenos
Elyvilon
Fedhas
Okawaru
Ru
Uskayaw
Wu Jian
Xom
Yredelemnul

Shops:
D:3 (

Annotations:
D:13 Frances, Rupert


Innate Abilities, Weirdness & Mutations

You have razor-sharp teeth.
Your natural rate of healing is unusually fast.
When hurt, damage is shared between your health and your magic reserves.
Your bite disrupts and absorbs the magic of your enemies.
Potions cannot restore your health.


Message History

You hit Rupert.
Rupert looks as sick as possible!
You bite Rupert. You drain his power.
You feel invigorated.
Rupert is moderately wounded.
You can now pass through a line of other dancers.
Unknown command.
You barely miss Rupert. You bite Rupert! You drain his power.
You feel invigorated.
Rupert is heavily wounded.
Rupert seems less confused.
Rupert roars madly and goes into a rage!
Rupert shakes off his lethargy.
Rupert goes berserk!
Aiming: Line Pass
Press: ? - help, Dir - move target Rupert appears confused.
You can no longer pass through a line of other dancers.
You hit Rupert. You bite Rupert. You drain his power.
You feel invigorated.
Rupert is heavily wounded.
Rupert seems less confused.
You block Rupert's attack. Rupert closely misses you.
Unknown command.
Okay, then.
Okay, then.
Throw: 10 darts (poison)
Press: ? - help, Q - select action, (/) - cycle Shift-Dir - straight line, f - Rupert
Aim: Rupert, wielding a +6 vorpal great mace and wearing a +3 leather armour of fire resistance (heavily wounded, berserk, extremely poisoned, 68% to hit)
Okay, then.
That's the wrong kind of item! (Use * to select it.) Fire/throw/use which item? ([*] to toss any item) (? for menu, Esc to quit)
Okay, then.
Throw: boomerang (disperse)
Press: ? - help, Shift-Dir - straight line, f - Rupert
Aim: Rupert, wielding a +6 vorpal great mace and wearing a +3 leather armour of fire resistance (heavily wounded, berserk, extremely poisoned, 68% to hit)
You throw a boomerang of dispersal.
The boomerang of dispersal barely misses Rupert.
Rupert hits you with a +6 vorpal great mace!!
* * * LOW HITPOINT WARNING * * *
Rupert hits you with a +6 vorpal great mace!
* * * LOW HITPOINT WARNING * * *
x2 Rupert hits you with a +6 vorpal great mace!!
You die...

################
#.......[#.....## #
#...............## # ****
##.......[.(......## # ,,,*
#..................## # ,,,*
#.....@@(....(......# # ,,,*
#.........?.......#.### ,,,*
#......$..........#.... ,,,*
#.................##<.. ,,,*
##..#.............##.... ****
##..###.....#.....###.... #...#
#########..#*#..... #...#
**#*****.......#...
########..####.,,,,,,,**#####...


You could see Rupert (berserk, extremely poisoned).

Vanquished Creatures
  A frost giant (IceCv)
  The ghost of Kuan Sae the Brawler, a journeyman TrBe of Trog (D:12)
  A two-headed ogre (D:12)
  2 centaur warriors
  2 boulder beetles (D:12)
  6 death yaks (IceCv)
  Sonja (D:13)
  3 skeletal warriors (D:10)
  2 ugly things
  2 manticores
  2 gargoyles (D:12)
  An ice statue (IceCv)
  An unseen horror (D:11)
  Maggie (D:7)
  13 polar bears (IceCv)
  5 trolls
  3 slime creatures (D:12)
  Sigmund (D:3)
  A vampire (D:12)
  A wyvern (D:9)
  23 yaks
  2 wraiths
  3 vampire mosquitoes (D:13)
  2 wargs (D:6)
  An acid dragon (D:12)
  3 water moccasins
  8 orc warriors
  3 black bears
  7 ogres
  A sky beast (D:7)
  16 wolves (IceCv)
  An ice beast (D:5)
  5 centaurs
  6 kobold brigands
  5 bullfrogs
  2 gnoll sergeants (D:6)
  3 scorpions
  8 wights
  15 killer bees
  19 howler monkeys
  8 orc priests
  2 gnoll boudas
  8 hounds
  2 iguanas
  16 orc wizards
  13 gnolls
  11 adders
  A river rat (Sewer)
  2 white imps
  An ufetubus (D:5)
  2 worms
  62 orcs
  5 bats
  10 endoplasms
  6 giant cockroaches
  7 goblins
  10 hobgoblins
  14 jackals
  10 kobolds
  2 quokkas
  7 ball pythons
  6 rats
388 creatures vanquished.

Vanquished Creatures (others)
  A quokka (D:13)
  A plant (D:6)
2 creatures vanquished.

Grand Total: 390 creatures vanquished

Notes
Turn   | Place    | Note
-------+----------+-------------------------------------------
     0 | D:1      | Bnni the Vine Stalker Fighter began the quest for the Orb.
     0 | D:1      | Reached XP level 1. HP: 11/11 MP: 2/2
    90 | D:1      | Reached XP level 2. HP: 15/16 MP: 1/3
   315 | D:1      | Reached XP level 3. HP: 19/19 MP: 4/4
   739 | D:2      | Noticed an ogre
   746 | D:2      | Killed an ogre
   747 | D:2      | Gained mutation: Your natural rate of healing is unusually
                  | fast. [Vine Stalker growth]
   747 | D:2      | Reached XP level 4. HP: 3/24 MP: 1/5
   747 | D:2      | Reached XP level 5. HP: 4/28 MP: 1/6
   754 | D:2      | HP: 1/28 [gnoll/+0 club (2)]
  1605 | D:3      | Reached XP level 6. HP: 29/32 MP: 5/7
  1812 | D:3      | Noticed Sigmund
  1830 | D:3      | Killed Sigmund
  2277 | D:3      | Found Comousch's Antique Weapon Emporium.
  2477 | D:4      | Found a staircase to the Ecumenical Temple.
  2483 | Temple   | Entered the Ecumenical Temple
  2490 | Temple   | Became a worshipper of Uskayaw the Reveller
  2516 | D:4      | Identified the +5 chain mail "Ryruoc" {-Tele rF+ rC+++
                  | Str+4}
  2536 | D:4      | Reached * piety under Uskayaw
  2548 | D:4      | Reached XP level 7. HP: 37/37 MP: 8/8
  2583 | D:4      | Found a broken altar of Ashenzari.
  2592 | D:4      | Reached ** piety under Uskayaw
  2711 | D:4      | Found a glowing drain.
  2742 | Sewer    | Entered a sewer
  2814 | Sewer    | Reached skill level 1 in Stealth
  2814 | Sewer    | Reached *** piety under Uskayaw
  2815 | Sewer    | Reached skill level 5 in Short Blades
  2838 | Sewer    | Found a white marble altar of Elyvilon.
  3302 | D:5      | Entered Level 5 of the Dungeon
  3317 | D:5      | Reached skill level 2 in Stealth
  3317 | D:5      | Reached skill level 1 in Invocations
  3579 | D:5      | Gained mutation: You have razor-sharp teeth. [Vine Stalker
                  | growth]
  3579 | D:5      | Reached XP level 8. HP: 40/42 MP: 8/10
  3590 | D:5      | Reached **** piety under Uskayaw
  3591 | D:5      | Reached skill level 3 in Stealth
  3595 | D:5      | Found a shadowy altar of Dithmenos.
  4283 | D:6      | Reached skill level 5 in Fighting
  4288 | D:6      | Reached ***** piety under Uskayaw
  4290 | D:6      | Reached skill level 4 in Stealth
  4478 | D:6      | Noticed a troll
  4507 | D:6      | Killed a troll
  4508 | D:6      | Reached XP level 9. HP: 40/47 MP: 10/12
  4517 | D:6      | Reached skill level 5 in Stealth
  4733 | D:6      | Reached ****** piety under Uskayaw
  4734 | D:6      | Reached skill level 6 in Stealth
  4928 | D:6      | Reached skill level 5 in Invocations
  4928 | D:6      | Reached XP level 10. HP: 53/53 MP: 14/14
  5014 | D:6      | Reached skill level 7 in Stealth
  5425 | D:7      | Noticed Maggie
  5436 | D:7      | Killed Maggie
  5515 | D:7      | Reached skill level 5 in Shields
  6182 | D:8      | Identified the +3 ring mail of Hekaw {rElec rF+}
  6271 | D:8      | Found a staircase to the Lair.
  6420 | D:8      | Found a sacrificial altar of Ru.
  6446 | D:8      | Noticed a centaur warrior
  6450 | D:8      | Killed a centaur warrior
  6451 | D:8      | Reached skill level 8 in Stealth
  6856 | D:8      | Reached XP level 11. HP: 26/58 MP: 4/16
  7197 | D:9      | Reached skill level 10 in Short Blades
  7672 | D:10     | Entered Level 10 of the Dungeon
  7758 | D:10     | Reached skill level 9 in Stealth
  8044 | D:10     | Noticed a skeletal warrior
  8045 | D:10     | Noticed a skeletal warrior
  8045 | D:10     | Noticed a skeletal warrior
  8096 | D:10     | Killed a skeletal warrior
  8106 | D:10     | Killed a skeletal warrior
  8107 | D:10     | Killed a skeletal warrior
  8477 | D:11     | Found an ornate altar of the Wu Jian Council.
  9452 | D:12     | Noticed a manticore
  9468 | D:12     | Killed a manticore
  9492 | D:12     | Noticed a boulder beetle
  9548 | D:12     | Reached skill level 10 in Stealth
  9599 | D:12     | Killed a boulder beetle
  9600 | D:12     | Reached skill level 1 in Dodging
  9649 | D:12     | Reached skill level 1 in Throwing
  9772 | D:12     | Found a staircase to the Orcish Mines.
  9772 | D:12     | Noticed a purple ugly thing
  9772 | D:12     | Noticed a boulder beetle
  9790 | D:12     | Killed a purple ugly thing
  9791 | D:12     | Reached XP level 12. HP: 62/65 MP: 9/18
  9882 | D:12     | Noticed a two-headed ogre
  9894 | D:12     | Killed a two-headed ogre
  9955 | D:12     | Found a runed translucent door.
  9955 | D:12     | Noticed Kuan Sae's ghost (journeyman TrBe)
  9994 | D:12     | Killed Kuan Sae's ghost
 10340 | D:12     | Killed a boulder beetle
 10341 | D:12     | Reached skill level 11 in Stealth
 10521 | D:13     | Noticed Sonja
 10524 | D:13     | Killed Sonja
 10579 | D:13     | Noticed a centaur warrior
 10588 | D:13     | Noticed Rupert
 10741 | D:13     | Found a frozen archway.
 10749 | IceCv    | Entered an ice cave
 10886 | IceCv    | Noticed a death yak
 10886 | IceCv    | Noticed a death yak
 10886 | IceCv    | Noticed a death yak
 10911 | IceCv    | Killed a death yak
 10920 | IceCv    | Killed a death yak
 10958 | IceCv    | Killed a death yak
 10959 | IceCv    | Reached skill level 12 in Stealth
 11111 | IceCv    | Reached skill level 5 in Throwing
 11112 | IceCv    | Reached XP level 13. HP: 60/70 MP: 20/20
 11581 | IceCv    | Noticed a frost giant
 11671 | IceCv    | Reached skill level 13 in Stealth
 11730 | IceCv    | Killed a frost giant
 11816 | IceCv    | Identified the ring "Ossewen" {rC+ Will+ Str+3}
 12221 | D:13     | Identified a scroll of acquirement
 12221 | D:13     | Acquired a manual of Invocations
 12375 | D:13     | Found a white marble altar of Elyvilon.
 12380 | D:13     | Noticed Frances
 12498 | D:13     | Mangled by Rupert

Illustrated notes

Levels and vault maps discovered:
D:1:      ebering_hopf_link, layout_loops_ring
D:2:      layout_loops_ring, minmay_misc_feat_pillars
D:3:      layout_basic, serial_shops, shop, uniq_sigmund
D:4:      layout_loops_ring, mainiacjoe_overflow_alcove_2,
          minmay_temple_entry_ruins, gup_sewer_entry_glass,
          roderic_roman_lattice
D:5:      layout_loops_corners, mainiacjoe_overflow_boulevard,
          minmay_misc_feat_tiny
D:6:      lemuel_castle_with_subvaults [lemuel_castle_interior_carwin_2],
          layout_gridville
D:7:      layout_basic, grunt_ministairs_1, amethyst_killhole,
          kennysheep_generic_room_8, uniq_maggie
D:8:      layout_cave_pools, mainiacjoe_overflow_tiny_flanked, lair_entry_dummy,
          hangedman_abyss_or_decor_stagger, solitary_fountain
D:9:      layout_loops_ring
D:10:     layout_loops_ring
D:11:     layout_stronghold, nicolae_wu_jian_glorious_leap
D:12:     layout_big_octagon, hiddenorc2_lemuel, hellmonk_ghost_happy_afterlife
D:13:     layout_rooms, portal_ice_cave_entry_pillars_2, elyvilon_altar_4,
          uniq_rupert, uniq_sonja, uniq_frances
Temple:   nicolae_temple_bog_church

Skill      XL: |  1  2  3  4  5  6  7  8  9 10 11 12 13 |
---------------+----------------------------------------+-----
Short Blades   | 2 3 4 5 6 8 9 10 | 10.7
Shields        | 3 4 5 |  5.0
Fighting       | 3 4 5 6 7 8 9 |  9.3
Stealth        | 2 4 6 8 10 12 13 | 13.3
Invocations    | 1 3 5 6 7 8 |  8.9
Dodging        | 1 3 4 |  4.0
Throwing       | 1 5 6 |  6.0
Armour         | 3 4 |  4.9

Action                   |  1- 3 |  4- 6 |  7- 9 | 10-12 | 13-15 || total
-------------------------+-------+-------+-------+-------+-------++-------
Melee: Rapier            |    90 |   141 |   254 |       |    33 ||   518
       Bite              |    26 |    41 |   125 |   391 |   136 ||   719
       Dagger            |       |       |    16 |   957 |   274 ||  1247
Throw: Dart              |       |       |     4 |    28 |     7 ||    39
       Throwing net      |       |       |     1 |     1 |       ||     2
       Boomerang         |       |       |       |       |     2 ||     2
Invok: Line Pass         |       |       |     6 |    11 |     4 ||    21
       Stomp             |       |       |       |     9 |     3 ||    12
       Grand Finale      |       |       |       |     2 |       ||     2
Evoke: Wand              |       |       |     3 |       |     1 ||     4
  Use: Potion            |     1 |     2 |       |     2 |       ||     5
       Scroll            |       |     5 |     2 |    18 |     4 ||    29
 Stab: Paralysed         |       |       |    14 |    42 |     6 ||    62
       Confused          |       |       |     2 |     7 |       ||     9
       Held in net/web   |       |       |     1 |     1 |       ||     2
       Sleeping          |       |       |       |     8 |     1 ||     9
       Invisible         |       |       |       |     3 |       ||     3
       Distracted        |       |       |       |       |     1 ||     1
Armor: Scale mail        |    39 |    41 |       |       |       ||    80
       Chain mail        |       |    19 |   113 |    23 |       ||   155
       Ring mail         |       |       |       |   114 |    39 ||   153
       Swamp dragon scal |       |       |       |     4 |       ||     4
Dodge: Dodged            |    32 |    75 |   163 |   272 |    96 ||   638
Block: Buckler           |    21 |    29 |       |   153 |   103 ||   306
       Reflection        |       |       |       |     6 |       ||     6

Table legend: (Time is in decaauts)
 A = Elapsed time spent in this place.
 B = Non-inter-level travel time spent in this place.
 C = Inter-level travel time spent in this place.
 D = Time resting spent in this place.
 E = Time spent auto-exploring this place.
 F = Levels seen in this place.
 G = Mean time per level.
                   A        B        C        D        E       F      G
               +--------+--------+--------+--------+--------+-----+--------+
         Total |  11816 |  11182 |    634 |    853 |   7261 |  16 |  738.5 |
       Dungeon |  10351 |   9723 |    628 |    569 |   6818 |  13 |  796.2 |
        Temple |     14 |      8 |      6 |      0 |      0 |   1 |   14.0 |
         Sewer |    160 |    160 |      0 |      0 |     92 |   1 |  160.0 |
      Ice Cave |   1290 |   1290 |      0 |    284 |    350 |   1 | 1290.0 |
               +--------+--------+--------+--------+--------+-----+--------+

Top non-repeatable levels by time:
   IceCv: 1290 daAuts
     D:6: 1214 daAuts
    D:12: 1111 daAuts
    D:11: 941 daAuts
     D:5: 865 daAuts
     D:7: 843 daAuts
     D:3: 829 daAuts
     D:2: 792 daAuts
     D:4: 784 daAuts
     D:1: 759 daAuts
    D:10: 686 daAuts
     D:9: 658 daAuts
     D:8: 544 daAuts
    D:13: 319 daAuts
   Sewer: 160 daAuts
